 Dungeon Crawl Stone Soup version 0.24.0-37-gcf1ca852f1 (webtiles) character file.

Game seed: 5367832365864444402, levelgen mode: deterministic

2332 Delarado the Grappler (level 9, 0/56 HPs)
             Began as an Octopode Fighter on Dec 5, 2019.
             Was a Follower of Cheibriados.
             Slain by a porcupine (15 damage)
             ... on level 8 of the Dungeon on Dec 6, 2019.
             The game lasted 00:21:04 (9734 turns).

Delarado the Grappler (Octopode Fighter)            Turns: 9734, Time: 00:21:05

Health: 0/56       AC:  1    Str: 20    XL:     9   Next: 42%
Magic:  9/9        EV: 12    Int: 17    God:    Cheibriados [*.....]
Gold:   0          SH:  9    Dex: 13    Spells: 6/8 levels left

rFire    . . .     SeeInvis .     - Unarmed
rCold    + . .     Gourm    .   a - +0 shield
rNeg     . . .     Faith    .   (helmet restricted)
rPois    +         Spirit   .   (no amulet)
rElec    .         Reflect  .   x - ring "Satif" {rPois rC+ MR+ Int+4}
rCorr    .         Harm     .   (no ring)
MR       +....                  (no ring)
Stlth    ++........             (no ring)
HPRegen  0.18/turn              (no ring)
MPRegen  0.11/turn              (no ring)
                                (no ring)
                                (no ring)

@: very slightly contaminated, invisible, very slow
A: almost no armour, stealthy swim, amphibious, 8 rings, constrict 8, camouflage
1, gelatinous body 1
a: Bend Time, Renounce Religion


You were on level 8 of the Dungeon.
You worshipped Cheibriados.
Cheibriados was aware of your devotion.
You were very hungry.

You visited 2 branches of the dungeon, and saw 9 of its levels.

Inventory:

Missiles
 e - 158 stones (quivered)
Armour
 a - a +0 shield (worn)
 d - a scarf of resistance
Jewellery
 x - the ring "Satif" (left tentacle) {rPois rC+ MR+ Int+4}
   (You found it on level 6 of the Dungeon)

   [ring of protection from cold]

   It affects your intelligence (+4).
   It protects you from cold.
   It protects you from poison.
   It affects your resistance to hostile enchantments.
Wands
 q - a wand of paralysis (12)
 r - a wand of acid (8)
 w - a wand of random effects (10)
Scrolls
 h - a scroll of magic mapping
 l - a scroll of remove curse
 o - a scroll of fear {unknown}
 s - a scroll of immolation
 t - a scroll of enchant armour {unknown}
 z - a scroll of enchant weapon {unknown}
Potions
 b - a potion of might
 f - 2 potions of curing
 g - a potion of berserk rage
 i - a potion of invisibility
 j - 2 potions of agility
 n - a potion of brilliance
 p - 3 potions of mutation {unknown}
 v - 2 potions of cancellation {unknown}
Comestibles
 c - 4 rations


   Skills:
 - Level 3.0 Fighting
 - Level 3.0 Dodging
 - Level 3.0 Shields
 - Level 11.0 Unarmed Combat
 + Level 3.6 Transmutations
 + Level 3.6 Earth Magic


You had 6 spell levels left.
You knew the following spells:

 Your Spells              Type           Power        Failure   Level  Hunger
a - Passwall              Tmut/Erth      ##......     36%         2    ###....

Your spell library contained the following spells:

 Spells                   Type           Power        Failure   Level  Hunger
 Sandblast                Erth           ##....       26%         1    ##.....
 Corona                   Hex            #......      73%         1    ##.....
 Stone Arrow              Conj/Erth      #.....       85%         3    ####...
 Ensorcelled Hibernation  Hex/Ice        #.....       86%         2    ###....
 Petrify                  Tmut/Erth      ##......     94%         4    #####..
 Confuse                  Hex            #.......     97%         3    ####...
 Dazzling Spray           Conj/Hex       #.....       97%         3    ####...
 Tukima's Dance           Hex            #.......     97%         3    ####...
 Lee's Rapid Deconstruct  Erth           ##........   100%        5    ######.


Dungeon Overview and Level Annotations

Branches:
Dungeon (8/15)             Temple (1/1) D:7
   Lair: D:8-11

Altars:
Ashenzari
Cheibriados
Dithmenos
Elyvilon
Fedhas
Gozag
Hepliaklqana
Kikubaaqudgha
Makhleb
Okawaru
Qazlal
Ru
Sif Muna
Trog
Uskayaw
Vehumet
Wu Jian
Xom
Yredelemnul
Zin
The Shining One

Shops:
D:4 (   D:7 ::(}

Annotations:
D:4 1 runed translucent door, BeasterDot's ghost, amateur MiBe
D:8 Maurice


Innate Abilities, Weirdness & Mutations

You cannot wear most types of armour.
You are very stealthy in the water. (Stealth+)
You are amphibious.
You can wear up to eight rings at the same time.
You can use your tentacles to constrict eight enemies at once.
Your skin changes colour to match your surroundings (Stealth+).
Your rubbery body absorbs attacks. (AC +1, EV +1)


Message History

A black bear comes into view.
A quokka comes into view.
Found 16 gold pieces and a hunting sling. 3 jackals, a hornet and a phantom come into view.
Okay, then.
Found a stone staircase leading down.
A porcupine comes into view.
A crocodile comes into view.
You block the porcupine's attack.
Found a potion of curing.
You are feeling very hungry.
The quokka misses you. You block the porcupine's attack.
The porcupine closely misses you.
Found 18 stones.
A hungry ghost comes into view.
A yak comes into view.
The porcupine closely misses you.
The yak moves out of view.
A porcupine comes into view.
The porcupine bites you!
You die...

..r..........#
P............#
.....W.......#
.P...........#
PP.......(.....#
PP.............#
PP.#...........#
..P.##...@....#
#...###r...##
##......####
...#.....##
.........#
!.t.r....###
.......$...#
.t.........#
........W..#


You could see a hungry ghost (dormant) and 2 porcupines.

Vanquished Creatures
  A centaur zombie (D:6)
  Duvessa (D:5)
  A sky beast (D:6)
  A phantom (D:7)
  2 orc warriors
  4 ogres
  A bullfrog (D:6)
  Dowan (D:5)
  2 scorpions
  A howler monkey (D:5)
  3 crimson imps
  A quasit (D:7)
  3 hounds
  A bullfrog skeleton (D:5)
  3 orc priests
  Natasha (D:3)
  2 iguanas
  5 orc wizards
  7 worker ants
  A hound zombie (D:8)
  7 adders
  3 shadow imps
  3 oozes
  An adder skeleton (D:5)
  7 worms
  2 dart slugs
  A leopard gecko (D:5)
  13 orcs
  3 giant cockroaches
  7 hobgoblins
  5 jackals
  3 quokkas
  4 ball pythons
  5 bats
  3 frilled lizards (D:2)
  6 goblins
  A jackal skeleton (D:4)
  8 kobolds
  A leopard gecko skeleton (D:4)
  A quokka skeleton (D:5)
  8 rats
134 creatures vanquished.

Vanquished Creatures (others)
  2 fungi (D:8)
2 creatures vanquished.

Grand Total: 136 creatures vanquished

Notes
Turn   | Place    | Note
-------+----------+-------------------------------------------
     0 | D:1      | Delarado the Octopode Fighter began the quest for the Orb.
     0 | D:1      | Reached XP level 1. HP: 16/16 MP: 1/1
   200 | D:1      | Reached XP level 2. HP: 12/21 MP: 2/2
   337 | D:1      | Reached skill level 3 in Unarmed Combat
   533 | D:1      | Reached XP level 3. HP: 26/26 MP: 3/3
  1269 | D:2      | Reached skill level 4 in Unarmed Combat
  1487 | D:2      | Reached XP level 4. HP: 31/31 MP: 4/4
  2605 | D:3      | Reached skill level 5 in Unarmed Combat
  2652 | D:3      | Reached XP level 5. HP: 18/36 MP: 5/5
  3346 | D:3      | Noticed Natasha
  3356 | D:3      | Killed Natasha
  3657 | D:3      | Reached skill level 6 in Unarmed Combat
  3657 | D:3      | Reached XP level 6. HP: 5/42 MP: 6/6
  4543 | D:4      | Found Mevo's Antique Weapon Boutique.
  4598 | D:4      | Reached skill level 7 in Unarmed Combat
  4624 | D:4      | Reached XP level 7. HP: 34/46 MP: 7/7
  4731 | D:4      | Found a runed translucent door.
  4731 | D:4      | Noticed BeasterDot's ghost (amateur MiBe)
  4731 | D:4      | Noticed a five-headed hydra
  5132 | D:4      | HP: 2/46 [ogre/+0 giant club (25)]
  5136 | D:4      | Reached skill level 8 in Unarmed Combat
  5423 | D:5      | Entered Level 5 of the Dungeon
  5575 | D:5      | Noticed Duvessa
  5707 | D:5      | Found a stormy altar of Qazlal.
  6496 | D:5      | Noticed Dowan
  6594 | D:5      | Killed Duvessa
  6594 | D:5      | Reached skill level 9 in Unarmed Combat
  6594 | D:5      | Reached XP level 8. HP: 27/52 MP: 8/8
  6605 | D:5      | Killed Dowan
  7082 | D:6      | Reached skill level 10 in Unarmed Combat
  7531 | D:6      | Reached skill level 11 in Unarmed Combat
  7741 | D:6      | Got a twitching amber ring
  7742 | D:6      | Identified the ring "Satif" {rPois rC+ MR+ Int+4} (You
                  | found it on level 6 of the Dungeon)
  7936 | D:7      | Learned a level 2 spell: Passwall
  7943 | D:7      | Found a staircase to the Ecumenical Temple.
  7948 | Temple   | Entered the Ecumenical Temple
  8164 | Temple   | Became a worshipper of Cheibriados the Contemplative
  8213 | D:7      | Reached skill level 1 in Transmutations
  8213 | D:7      | Reached skill level 1 in Earth Magic
  8213 | D:7      | Reached XP level 9. HP: 49/56 MP: 9/9
  8291 | D:7      | Found Xuttoyr's Gadget Shop.
  8678 | D:7      | Found Icutyebi's Book Shoppe.
  8709 | D:7      | Found Riotuun's Book Shop.
  8774 | D:7      | Found Femnutiy's Antique Weapon Emporium.
  9411 | D:8      | Noticed Maurice
  9706 | D:8      | HP: 2/56 [orc warrior/+0 battleaxe (24)]
  9709 | D:8      | Reached * piety under Cheibriados
  9728 | D:8      | Noticed a hornet
  9734 | D:8      | Slain by a porcupine

Levels and vault maps discovered:
D:1:      dpeg_arrival_leaves_temple_mockup, layout_loops_ring
D:2:      layout_loops_ring, palyth_stone_intersect, minmay_tetromino_o4
D:3:      layout_basic, corexii_item_surrounded_by_moat, uniq_natasha
D:4:      layout_basic, serial_shops, shop_statue, ebering_ghost_inner_flame
D:5:      layout_basic, first_ration, grunt_qazlal_sundering, uniq_duvessa
D:6:      layout_basic
D:7:      layout_loops_ring, minmay_temple_entry_arrows, serial_shops, shop,
          nicolae_shop_temple_entry_statues_fountains, shop,
          kennysheep_windowed_goal
D:8:      layout_cave_pods, nemelex_xobeh_ov_fountains_minmay,
          due_lair_maze_entry_diamond, uniq_psyche, uniq_maurice
Temple:   minmay_crystal_snake_temple

Skill      XL: |  1  2  3  4  5  6  7  8  9 |
---------------+----------------------------+-----
Unarmed Combat | 3 4 5 6 7 9 11 | 11.0
Transmutations | 1 3 |  3.6
Earth Magic    | 1 3 |  3.6
Fighting       | |  3.0
Dodging        | |  3.0
Shields        | |  3.0

Action                   |  1- 3 |  4- 6 |  7- 9 || total
-------------------------+-------+-------+-------++-------
Melee: Unarmed           |    65 |    97 |   172 ||   334
       Tentacles         |    15 |    20 |    43 ||    78
       Constrict         |    19 |    25 |    29 ||    73
       Punch             |     2 |     6 |    15 ||    23
Throw: Stone             |    85 |    86 |    44 ||   215
       Boomerang         |       |       |    80 ||    80
  Use: Scroll            |       |     8 |     6 ||    14
       Potion            |       |     1 |     4 ||     5
 Stab: Sleeping          |       |     3 |     1 ||     4
       Invisible         |       |       |     2 ||     2
  Eat: Chunk             |     2 |     7 |     8 ||    17
       Ration            |       |     1 |     2 ||     3
Armor: Skin              |     2 |     8 |    11 ||    21
Dodge: Dodged            |    16 |    21 |    52 ||    89
Block: Shield            |    19 |    28 |    56 ||   103
